 Dungeon Sprint DCSS version 0.22-a0-422-g9628fc87f1 (webtiles) character file.

1373 Denreik the Blocker (level 8, -5/71 (72) HPs)
             Began as a Formicid Fighter on May 19, 2018.
             Slain by a centaur warrior (6 damage)
             ... in the Dungeon (Sprint II: "The Violet Keep of Menkaure").
             The game lasted 00:04:08 (565 turns).

Denreik the Blocker (Formicid Fighter)               Turns: 565, Time: 00:04:09

HP:   -5/71 (72)    AC:  3    Str: 23    XL:     8   Next: 98%
MP:   8/8           EV:  9    Int:  6    God:
Gold: 972           SH: 13    Dex: 10    Spells: 7/7 levels left

rFire    . . .     SeeInvis +   a - +0 quarterstaff
rCold    . . .     Gourm    .   c - +0 shield
rNeg     . . .     Faith    .   b - +0 scale mail
rPois    .         Spirit   .   (helmet unavailable)
rElec    .         Reflect  .   (no cloak)
rCorr    .         Harm     .   (no gloves)
MR       .....                  (no boots)
Stlth    ..........             (no amulet)
HPRegen  0.21/turn              (no ring)
MPRegen  0.11/turn              (no ring)

@: very slow
A: permanent stasis, dig shafts and tunnels, four strong arms, antennae 3, claws
1, deformed body, dopey 1
a: Dig


You were in the Dungeon.
You were not hungry.

You visited 1 branch You collected 972 gold pieces.

Inventory:

Hand Weapons
 a - a +0 quarterstaff (weapon)
 m - a +0 spear
Armour
 b - a +0 scale mail (worn)
 c - a +0 shield (worn)
Scrolls
 k - a scroll of blinking
Potions
 d - a potion of might
 e - a potion of curing
 g - a potion of heal wounds
 h - a potion of haste
 i - 2 potions of magic
 j - a potion of berserk rage
Comestibles
 f - a ration


   Skills:
 - Level 10.1 Fighting
 + Level 12.1 Staves
 - Level 3.2 Armour
 * Level 13.5 Shields


You had 7 spell levels left.
You didn't know any spells.
Your spell library was empty.

Dungeon Overview and Level Annotations

Branches:
Dungeon (1/1)

Altars:
Beogh

Shops:
D [[::!}=(%}%?!=(

Annotations:
D exclusion: orange crystal statue, Kirke, Roxanne


Innate Abilities, Weirdness & Mutations

You cannot be hasted, slowed, berserked, paralysed or teleported.
You can dig through walls and to a lower floor.
Your four strong arms can wield two-handed weapons with a shield.
You have a pair of large antennae on your head. (SInv)
You have sharp fingernails.
Armour fits poorly on your strangely shaped body.
You are dopey. (Int -2)


Message History

You hit the centaur warrior.
The centaur warrior is lightly wounded.
The centaur warrior hits you.
Your unstable footing causes you to fumble your attack.
You block the centaur warrior's attack.
You bludgeon the centaur warrior!!
The centaur warrior is moderately wounded.
The centaur warrior hits you!
* * * LOW HITPOINT WARNING * * *
Your unstable footing causes you to fumble your attack.
The centaur warrior hits you!
* * * LOW HITPOINT WARNING * * *
Your unstable footing causes you to fumble your attack.
You block the centaur warrior's attack.
Your unstable footing causes you to fumble your attack.
The centaur warrior barely misses you.
You hit the centaur warrior but do no damage.
The centaur warrior is moderately wounded.
The centaur warrior hits you.
You die...

.∩..#≈≈≈≈#..#(.#....# {
∩...#≈≈####.#.####..##
....#≈##.###'###.##..# {
∩...#≈#...##.##..##..#{
.∩..+≈'.#.'.<({##.'..###
∩.∩.#≈#...##.##{{##.§..#
▓▓###≈##.###'###{##.§....≈≈≈
#####≈≈####...#c##≈≈.§§..≈#+
{ ##≈≈≈#.##..#@≈§§≈≈≈..≈#.
{{ #+#≈##.####≈§§§≈≈§≈.≈#.
{#≈≈##'##≈§≈≈≈≈≈§≈≈≈#_
##≈≈≈≈≈≈≈≈§§§≈≈§≈≈≈#.
#''§#+++#§§§≈≈≈≈≈≈#.
#≈≈§.§.≈ #§≈≈###
#≈§§.§≈.≈≈##≈§# {
+≈§≈≈≈8≈§≈≈§+§§#
##§§≈§§≈§§.##


You could see a centaur warrior.

Vanquished Creatures
  A merfolk siren (D)
  4 neqoxecs (D)
  Menkaure (D)
  4 necrophages (D)
  4 worker ants (D)
14 creatures vanquished.

Vanquished Creatures (others)
  A crocodile (D)
1 creature vanquished.

Grand Total: 15 creatures vanquished

Notes
Turn   | Place    | Note
-------+----------+-------------------------------------------
     0 | D        | Denreik the Formicid Fighter began the quest for the Orb.
     0 | D        | Reached XP level 1. HP: 18/18 MP: 1/1
     5 | D        | Noticed a necrophage
     5 | D        | Noticed a necrophage
     5 | D        | Noticed a necrophage
     5 | D        | Noticed a necrophage
    14 | D        | Killed a necrophage
    14 | D        | Reached skill level 10 in Shields
    14 | D        | Reached XP level 2. HP: 24/24 MP: 2/2
    14 | D        | Reached XP level 3. HP: 29/29 MP: 3/3
    14 | D        | Reached XP level 4. HP: 35/35 MP: 4/4
    25 | D        | Killed a necrophage
    25 | D        | Reached skill level 11 in Shields
    25 | D        | Reached XP level 5. HP: 38/46 MP: 5/5
    33 | D        | Killed a necrophage
    33 | D        | Reached skill level 12 in Shields
    33 | D        | Reached XP level 6. HP: 49/56 MP: 6/6
    41 | D        | Killed a necrophage
    96 | D        | Noticed a neqoxec
    96 | D        | Noticed a neqoxec
    96 | D        | Noticed a neqoxec
    96 | D        | Noticed a neqoxec
   105 | D        | Gained mutation: You are dopey. (Int -2) [a neqoxec]
   106 | D        | Killed a neqoxec
   106 | D        | Reached skill level 10 in Fighting
   106 | D        | Reached XP level 7. HP: 53/65 MP: 7/7
   113 | D        | Gained mutation: Armour fits poorly on your strangely shaped body. [a neqoxec]
   114 | D        | Killed a neqoxec
   119 | D        | Gained mutation: You have sharp fingernails. [a neqoxec]
   124 | D        | Killed a neqoxec
   124 | D        | Reached skill level 10 in Staves
   124 | D        | Reached XP level 8. HP: 42/71 MP: 8/8
   298 | D        | Noticed a merfolk siren
   315 | D        | Killed a merfolk siren
   315 | D        | Reached skill level 13 in Shields
   340 | D        | Noticed Roxanne
   346 | D        | Found Dutticabbu's Jewellery Emporium.
   347 | D        | Found Vuovim's Magic Scroll Shoppe.
   348 | D        | Found Ranos's Food Shoppe.
   348 | D        | Found Ecane's Antique Weapon Emporium.
   348 | D        | Found Vis Wux's Jewellery Shoppe.
   349 | D        | Found Zomuxeeg's Distillery.
   349 | D        | Found Sylu's Book Shoppe.
   350 | D        | Found Xoed's Food Shoppe.
   350 | D        | Found Qekhlytto's Book Emporium.
   351 | D        | Found Agips's Antique Armour Shoppe.
   351 | D        | Found Reummir's Antique Armour Emporium.
   351 | D        | Found Tonul's Distillery.
   351 | D        | Found Dipew's Gadget Emporium.
   352 | D        | Found Amnymauc's Antique Weapon Shoppe.
   352 | D        | Found Cutaeluso's Gadget Emporium.
   354 | D        | Noticed Menkaure
   354 | D        | Noticed a spiny frog
   354 | D        | Noticed a spiny frog
   369 | D        | Killed Menkaure
   523 | D        | Found a roughly hewn altar of Beogh.
   533 | D        | Noticed an orange crystal statue
   536 | D        | Noticed Kirke
   536 | D        | Noticed a yaktaur captain
   536 | D        | Noticed a skeletal warrior
   536 | D        | Noticed a kobold demonologist
   536 | D        | Noticed a centaur warrior
   537 | D        | Noticed an elephant
   539 | D        | Noticed an orange demon
   562 | D        | HP: 1/71 [centaur warrior (14)]
   565 | D        | Slain by a centaur warrior

Vault maps used:
D:        the_violet_keep_of_menkaure

Skill      XL: |  1  2  3  4  5  6  7  8 |
---------------+-------------------------+-----
Shields        | 10 11 12 13 | 13.5
Fighting       | 6 8 10 | 10.1
Staves         | 6 10 12 | 12.1
Armour         | |  3.2

Action                   |  1- 3 |  4- 6 |  7- 9 || total
-------------------------+-------+-------+-------++-------
Melee: Quarterstaff      |     7 |    37 |    75 ||   119
 Abil: Dig               |       |       |     1 ||     1
Armor: Scale mail        |     3 |     8 |     3 ||    14
Dodge: Dodged            |     1 |    10 |     6 ||    17
Block: Shield            |     3 |    11 |    20 ||    34

Table legend:
 A = Spawn XP
 B = Non-spawn XP
 C = Spawn XP percentage of total XP
 D = Spawn monster count
 E = Non-spawn monster count
 F = Spawn count percentage of total count
 G = Total turns spent on level
                    A         B        C        D         E        F      G
               +---------+---------+-------+---------+---------+-------+---------
         Total |       0 |    1962 |   0.0 |       0 |      14 |   0.0 |   565
               +---------+---------+-------+---------+---------+-------+---------
             D |       0 |    1962 |   0.0 |       0 |      14 |   0.0 |   565
               +---------+---------+-------+---------+---------+-------+---------
